 Dungeon Crawl Stone Soup version 0.28-a0-479-g5baa6b73be (webtiles) character file.

Game seed: 17094802360081944832

31 AttackTheMoon the Skirmisher (level 3, -1/20 HPs)
             Began as a Vine Stalker Fighter on Sept 18, 2021.
             Succumbed to an adder's poison
             ... on level 2 of the Dungeon.
             The game lasted 00:01:21 (1396 turns).

AttackTheMoon the Skirmisher (Vine Stalker Fighter) Turns: 1396, Time: 00:01:22

Health: -1/20      AC: 10    Str: 19    XL:     3   Next: 22%
Magic:  2/4        EV:  9    Int:  8    God:
Gold:   51         SH:  0    Dex: 13    Spells: 2/2 levels left

rFire   . . .      SeeInvis .   a - +0 rapier
rCold   . . .      Faith    .   (no shield)
rNeg    + . .      Spirit   +   b - +0 scale mail
rPois   .          Reflect  .   (no helmet)
rElec   .          Harm     .   (no cloak)
rCorr   .          Rampage  .   (no gloves)
Will    .....                   (no boots)
Stlth   ..........              n - amulet of the acrobat
HPRegen 0.06/turn               i - +4 ring of protection
MPRegen 0.09/turn               j - ring of positive energy

@: mighty, lethally poisoned (-1 -> -9)
A: fangs 2, magic shield, antimagic bite, no potion heal 2
a: no special abilities


You were on level 2 of the Dungeon.
You visited 1 branch of the dungeon, and saw 2 of its levels.

You collected 51 gold pieces.

Inventory:

Hand Weapons
 a - a +0 rapier (weapon)
Armour
 b - a +0 scale mail (worn)
 c - a +0 buckler
Jewellery
 i - a +4 ring of protection (left hand)
 j - a ring of positive energy (right hand)
 n - an amulet of the acrobat (around neck)
Scrolls
 f - 3 scrolls of identify {unknown}
 g - 2 scrolls of noise {unknown}
 h - a scroll of immolation {unknown}
 l - a scroll of amnesia {unknown}
Potions
 e - a potion of magic {unknown}
 k - a potion of ambrosia {unknown}
 m - a potion of flight {unknown}


   Skills:
 + Level 3.0 Fighting
 + Level 2.1 Short Blades
 + Level 2.6 Armour
 + Level 1.4 Stealth
 + Level 2.9 Shields


You had 2 spell levels left.
You didn't know any spells.
Your spell library was empty.

Dungeon Overview and Level Annotations

Branches:
Dungeon (2/15)

Altars:

Shops:
D:1 *


Innate Abilities, Weirdness & Mutations

You have extremely sharp teeth.
When hurt, damage is shared between your health and your magic reserves.
Your bite disrupts and absorbs the magic of your enemies.
Potions cannot restore your health.


Message History

The adder hisses angrily.
An adder is nearby!
An adder is nearby!
You hit the adder but do no damage. The adder barely misses you.
You barely miss the adder. Your bite misses the adder.
The adder barely misses you. The adder bites you.
You are poisoned.
The adder poisons you!
You miss the adder.
You feel sick. The adder bites you.
You are more poisoned.
The adder poisons you!
You closely miss the adder.
You feel very sick. The adder barely misses you.
The adder bites you but does no damage.
You closely miss the adder. Your bite misses the adder.
You feel sick. The adder bites you but does no damage.
You are too injured to fight recklessly!
You are too injured to fight recklessly!
You are too injured to fight recklessly!
You are too injured to fight recklessly!
You are too injured to fight recklessly!
You are too injured to fight recklessly!
You are too injured to fight recklessly!
You are too injured to fight recklessly!
You are too injured to fight recklessly!
You are too injured to fight recklessly!
An adder is nearby!
An adder is nearby!
You miss the adder.
You feel sick. The adder closely misses you.
You completely miss the adder.
You feel sick. The adder bites you but does no damage.
The adder completely misses you.
You miss the adder.
You feel sick. The adder bites you.
* * * LOW HITPOINT WARNING * * *
You are more poisoned.
The adder poisons you!
You feel very mighty all of a sudden.
* * * LOW HITPOINT WARNING * * *
You feel sick. The adder misses you. x2
You closely miss the adder.
You die...

###### #..... #..... ######
#..... ###### ###
.....######.....##....# #.#
###............S@.....# ####.#
#....###............# #....#
#.............##....# ###.##.#
#....####.....##....###...##.##
#....# .......(................
###.## ...####...........###.##
###...#. .### #...........# #.#
#...#...#...####...........###.#
..###.#####.##.............#...#


You could see an adder.

Vanquished Creatures
  An adder (D:2)
  3 endoplasms
  3 goblins
  3 hobgoblins (D:1)
  A quokka (D:1)
  3 ball pythons
  2 bats (D:2)
  A frilled lizard (D:1)
  2 kobolds
  5 rats
24 creatures vanquished.

Notes
Turn   | Place    | Note
-------+----------+-------------------------------------------
     0 | D:1      | AttackTheMoon the Vine Stalker Fighter began the quest for
                  | the Orb.
     0 | D:1      | Reached XP level 1. HP: 11/11 MP: 2/2
   418 | D:1      | Reached XP level 2. HP: 16/16 MP: 3/3
   601 | D:1      | Found a faded altar of an unknown god.
   640 | D:1      | Found Kofef's Assorted Antiques.
   863 | D:1      | Reached skill level 1 in Stealth
  1014 | D:2      | Reached XP level 3. HP: 17/19 MP: 1/4
  1281 | D:2      | Reached skill level 3 in Fighting
  1395 | D:2      | HP: 1/20 [poisoned by an adder]
  1396 | D:2      | Succumbed to an adder's poison

Illustrated notes

Levels and vault maps discovered:
D:1:      dpeg_arrival_rooms_a, layout_basic, serial_shops, shop_fountains,
          shapermc_ecumenical_altar_pompeii
D:2:      layout_rooms

Skill      XL: |  1  2  3 |
---------------+----------+-----
Short Blades   | 2 |  2.1
Stealth        | 1 |  1.4
Fighting       | 3 |  3.0
Armour         | |  2.6
Shields        | |  2.9

Action                   || total
-------------------------++-------
Melee: Rapier            ||    71
       Bite              ||    11
  Use: Potion            ||     1
Armor: Scale mail        ||    33
Dodge: Dodged            ||    43

Table legend: (Time is in decaauts)
 A = Elapsed time spent in this place.
 B = Non-inter-level travel time spent in this place.
 C = Inter-level travel time spent in this place.
 D = Time resting spent in this place.
 E = Time spent auto-exploring this place.
 F = Levels seen in this place.
 G = Mean time per level.
                   A        B        C        D        E       F      G
               +--------+--------+--------+--------+--------+-----+--------+
         Total |   1401 |   1385 |     16 |      0 |   1192 |   2 |  700.5 |
       Dungeon |   1401 |   1385 |     16 |      0 |   1192 |   2 |  700.5 |
               +--------+--------+--------+--------+--------+-----+--------+

Top non-repeatable levels by time:
     D:1: 988 daAuts
     D:2: 413 daAuts
